 Dungeon Crawl Stone Soup version 0.25.0-9-g26727b657a (webtiles) character file.

Game seed: 88101511046250161

25975 Delamore the Bludgeoner (level 13, 0/74 HPs)
             Began as a Gargoyle Fighter on June 20, 2020.
             Was a High Priest of Okawaru.
             Slain by Purph's ghost (3 damage)
             ... on level 1 of the Lair of Beasts.
             The game lasted 00:24:57 (19048 turns).

Delamore the Bludgeoner (Gargoyle Fighter)         Turns: 19048, Time: 00:24:57

Health: 0/74       AC: 32    Str: 31    XL:     13   Next: 23%
Magic:  13/13      EV:  5    Int:  9    God:    Okawaru [*****.]
Gold:   1016       SH: 13    Dex:  9    Spells: 12/12 levels left

rFire    . . .     SeeInvis .   x - +2 morningstar (protect)
rCold    + . .     Gourm    .   w - +2 kite shield {AC+3}
rNeg     + . .     Faith    .   K - +0 plate armour
rPois    ∞         Spirit   .   Q - +2 helmet
rElec    +         Reflect  .   t - +0 cloak
rCorr    .         Harm     .   P - +0 pair of gloves
MR       .....                  A - +2 pair of boots {Fly}
Stlth    ..........             (no amulet)
HPRegen  0.22/turn              H - +6 ring of strength
MPRegen  0.13/turn              I - ring of protection from cold

@: mighty
A: negative energy resistance 1, electricity resistance, unbreathing,
petrification resistance, rot immunity, AC +9
a: Heroism, Finesse, Renounce Religion, Evoke Flight


You were on level 1 of the Lair of Beasts.
You worshipped Okawaru.
Okawaru was extremely pleased with you.
You were hungry.

You visited 4 branches of the dungeon, and saw 16 of its levels.

You collected 1633 gold pieces.
You spent 617 gold pieces at shops.

Inventory:

Hand Weapons
 x - a +2 morningstar of protection (weapon)
 D - a +1 whip of freezing
 F - the +0 flail of Rodgh {vorpal, +Rage rF+ MR- Int+8}
   (You found it on level 12 of the Dungeon)

   It inflicts extra damage upon your enemies.
   It affects your intelligence (+8).
   It protects you from fire.
   It affects your resistance to hostile enchantments.
   It lets you go berserk.
Missiles
 b - 12 javelins
 k - 48 poisoned darts (quivered)
 u - 9 atropa-tipped darts
 L - 15 curare-tipped darts
 O - 7 throwing nets
Armour
 t - a +0 cloak (worn)
 w - a +2 kite shield of protection (worn)
 A - a +2 pair of boots of flying (worn)
 K - a +0 plate armour (worn)
 P - a +0 pair of gloves (worn)
 Q - a +2 helmet (worn)
Jewellery
 q - an uncursed ring of protection from fire
 y - an uncursed ring of protection from fire
 H - a +6 ring of strength (left hand)
 I - a ring of protection from cold (right hand)
Wands
 j - a wand of polymorph (10)
 C - a wand of random effects (30)
 J - a wand of flame (31)
 M - a wand of digging (3)
 N - a wand of iceblast (21)
Scrolls
 a - 2 scrolls of enchant armour
 g - a scroll of torment
 l - 10 scrolls of teleportation
 n - 6 scrolls of remove curse
 p - a scroll of immolation
 s - a scroll of random uselessness
 z - a scroll of enchant weapon
 E - 3 scrolls of amnesia
 G - 3 scrolls of magic mapping
 R - a scroll of fog
 T - a scroll of vulnerability
Potions
 d - a potion of might
 e - 4 potions of resistance
 h - 4 potions of cancellation
 i - 3 potions of magic
 m - a potion of lignification
 o - 2 potions of degeneration
 r - 2 potions of curing
 v - a potion of flight
 B - a potion of ambrosia
Comestibles
 f - 23 rations


   Skills:
 + Level 6.0 Fighting
 - Level 19.3 Maces & Flails
 - Level 3.2 Armour
 + Level 6.0 Shields


You had 12 spell levels left.
You didn't know any spells.
Your spell library was empty.

Dungeon Overview and Level Annotations

Branches:
Dungeon (12/15)            Temple (1/1) D:4            Lair (1/6) D:11
    Orc (2/2) D:12            Elf (0/3) Orc:2

Altars:
Ashenzari
Cheibriados
Dithmenos
Elyvilon
Fedhas
Gozag
Hepliaklqana
Kikubaaqudgha
Makhleb
Nemelex Xobeh
Okawaru
Qazlal
Ru
Sif Muna
Trog
Uskayaw
Vehumet
Wu Jian
Xom
Yredelemnul
Zin
The Shining One
Beogh

Shops:
D:8 *   D:10 (   Orc:1 ?   Orc:2 :[(}

Annotations:
D:10 3 runed translucent doors, squishfish's ghost, journeyman GrFi
Lair:1 1 transporter, Purph's ghost, journeyman MiBe


Innate Abilities, Weirdness & Mutations

You are resistant to torment.
Your stone body is resilient. (AC +9)
You are immune to poison.
You resist negative energy. (rN+)
You are resistant to electric shocks. (rElec)
You can survive without breathing.
You are immune to petrification.
You are immune to rotting.


Message History

Purph's ghost wails.
Purph's ghost hits you but does no damage.
You feel better. You block the meliai's attack. The meliai stings you.
* * * LOW HITPOINT WARNING * * *
You block the meliai's attack.
The meliai stings you but does no damage.
The hornet stings you but does no damage.
The meliai hits you with a +0 war axe!
* * * LOW HITPOINT WARNING * * *
The meliai stings you!
* * * LOW HITPOINT WARNING * * *
Purph's ghost hits you but does no damage.
The hornet stings you but does no damage.
You feel better. You block the meliai's attack.
The meliai stings you but does no damage.
The meliai hits you but does no damage. The meliai completely misses you.
The hornet barely misses you. Purph's ghost hits you!
* * * LOW HITPOINT WARNING * * *
Purph's ghost burns you.
You die...

.........†........##
#...#.#..###.###..##
#.......#########..##
....#P.###.###.###..#
##. ##.##y..#...##.##
#... #.##.#y###.##.#
#...###.##.yy#...##.##
........#y#y#.#.#|#.P#
###.#...#W@#...#$?#.##
##.©#©.#.#.#.©#©.# ###
##.#..#% #.?#..# ..#
#.#.#.# #.#(#..# #.#
##.##...#...##..# #.#
#P.##%###.####..# #.#
#..##..y# ..##..# ###
#.###..###.# #.# #..#
####.###..###..#######
...#


You could see a queen bee, a hornet, a meliai (berserk), 2 killer bees and
Purph's ghost.

Vanquished Creatures
  2 orc warlords
  2 hydras
  Harold (D:11)
  A two-headed ogre (D:9)
  2 orc high priests
  Pikel (D:5)
  4 orc knights
  An orc sorcerer (Orc:2)
  2 cyclopes
  A manticore (D:12)
  An ugly thing (D:11)
  Maurice (D:10)
  A gargoyle (D:12)
  A spiny frog (Lair:1)
  6 trolls
  A merfolk (D:10)
  A meliai zombie (D:12)
  A wraith (D:10)
  A shadow (D:11)
  2 wyverns
  2 vampires
  10 yaks
  Grum (D:11)
  Edmund (D:4)
  Menkaure (D:4)
  3 wargs
  Duvessa (D:5)
  4 ice beasts
  4 sky beasts
  29 orc warriors
  3 black bears
  9 ogres
  A phantom (D:9)
  2 necrophages
  2 wolves (D:11)
  2 crocodiles
  2 centaurs
  Blork the orc (D:5)
  5 big kobolds
  7 bullfrogs
  Dowan (D:5)
  3 scorpions
  2 howler monkeys
  9 wights
  2 crimson imps
  6 bullfrog zombies
  3 jellies
  23 orc priests
  Crazy Yiuf (D:3)
  2 centaur skeletons
  A gnoll shaman (D:9)
  9 hounds
  2 bullfrog skeletons
  Jessica (D:2)
  6 iguanas
  31 orc wizards
  11 worker ants
  2 killer bee zombies
  A hound skeleton (D:10)
  A worker ant zombie (D:8)
  20 gnolls
  9 adders
  2 shadow imps (D:7)
  2 adder skeletons
  2 dart slugs (D:1)
  5 leopard geckos
  116 orcs
  2 ball pythons
  2 bats (D:1)
  6 giant cockroaches
  6 goblins
  9 hobgoblins
  10 jackals
  24 kobolds
  4 quokkas
  5 frilled lizards
  A giant cockroach zombie (D:6)
  2 leopard gecko skeletons
  A quokka skeleton (D:5)
  6 rats
  A plant (D:11)
475 creatures vanquished.

Vanquished Creatures (others)
  2 slaves (D:5)
  A human (D:9)
  An ogre (D:5)
  A howler monkey (D:5)
  A crimson imp (D:5)
  A worker ant (D:5)
  An adder (D:5)
  A leopard gecko (D:5)
  2 orcs (D:5)
  3 plants (D:10)
14 creatures vanquished.

Grand Total: 489 creatures vanquished

Notes
Turn   | Place    | Note
-------+----------+-------------------------------------------
     0 | D:1      | Delamore the Gargoyle Fighter began the quest for the Orb.
     0 | D:1      | Reached XP level 1. HP: 14/14 MP: 1/1
    55 | D:1      | Reached skill level 3 in Maces & Flails
    55 | D:1      | Reached XP level 2. HP: 19/19 MP: 2/2
   149 | D:1      | Reached XP level 3. HP: 23/23 MP: 3/3
   945 | D:2      | Reached skill level 4 in Maces & Flails
   981 | D:2      | Noticed Jessica
   985 | D:2      | Killed Jessica
   985 | D:2      | Reached XP level 4. HP: 28/28 MP: 4/4
  1590 | D:3      | Found a runed translucent door.
  1591 | D:3      | Noticed Crazy Yiuf
  1715 | D:3      | Found an opulent altar of Gozag.
  1762 | D:3      | Found a glowing golden altar of the Shining One.
  2027 | D:3      | Killed Crazy Yiuf
  2027 | D:3      | Reached skill level 5 in Maces & Flails
  2027 | D:3      | Reached XP level 5. HP: 26/32 MP: 5/5
  2110 | D:4      | Noticed Edmund
  2146 | D:4      | Killed Edmund
  2146 | D:4      | Reached skill level 6 in Maces & Flails
  2146 | D:4      | Reached XP level 6. HP: 11/37 MP: 6/6
  2651 | D:4      | Reached skill level 7 in Maces & Flails
  2679 | D:4      | Found a staircase to the Ecumenical Temple.
  2695 | Temple   | Entered the Ecumenical Temple
  2967 | Temple   | Became a worshipper of Warmaster Okawaru
  3059 | D:4      | Noticed Menkaure
  3063 | D:4      | Killed Menkaure
  3063 | D:4      | Reached XP level 7. HP: 41/41 MP: 7/7
  3069 | D:4      | Reached * piety under Okawaru
  3069 | D:4      | Reached skill level 8 in Maces & Flails
  3682 | D:5      | Entered Level 5 of the Dungeon
  3763 | D:5      | Noticed Blork the orc
  3778 | D:5      | Killed Blork the orc
  3913 | D:5      | Reached skill level 9 in Maces & Flails
  3913 | D:5      | Reached XP level 8. HP: 46/46 MP: 8/8
  4068 | D:5      | Noticed Pikel
  4080 | D:5      | Killed Pikel
  4080 | D:5      | Reached ** piety under Okawaru
  4080 | D:5      | Reached skill level 10 in Maces & Flails
  4225 | D:5      | Noticed Dowan
  4240 | D:5      | Killed Dowan
  4299 | D:5      | Noticed Duvessa
  4304 | D:5      | Killed Duvessa
  4635 | D:6      | Reached skill level 11 in Maces & Flails
  4635 | D:6      | Reached XP level 9. HP: 51/51 MP: 9/9
  4743 | D:6      | Reached *** piety under Okawaru
  5107 | D:6      | Found a radiant altar of Vehumet.
  5113 | D:6      | Reached skill level 12 in Maces & Flails
  6192 | D:7      | Reached skill level 13 in Maces & Flails
  6203 | D:7      | Reached **** piety under Okawaru
  6511 | D:7      | Reached XP level 10. HP: 56/56 MP: 10/10
  7082 | D:8      | Found Dipyr's Assorted Antiques.
  7093 | D:8      | Bought a scroll labeled KAPRUCHENK for 29 gold pieces
  7170 | D:8      | Found a white marble altar of Elyvilon.
  7171 | D:8      | Found a shadowy altar of Dithmenos.
  7171 | D:8      | Found a shimmering altar of Xom.
  7171 | D:8      | Found a blossoming altar of Fedhas.
  7174 | D:8      | Found a shattered altar of Ashenzari.
  7497 | D:9      | Noticed a two-headed ogre
  7506 | D:9      | Killed a two-headed ogre
  7506 | D:9      | Reached ***** piety under Okawaru
  7506 | D:9      | Received a gift from Okawaru
  7506 | D:9      | Reached skill level 14 in Maces & Flails
  8018 | D:9      | Found an ancient bone altar of Kikubaaqudgha.
  9047 | D:10     | Entered Level 10 of the Dungeon
  9047 | D:10     | Noticed Maurice
  9181 | D:10     | Killed Maurice
  9181 | D:10     | Reached skill level 15 in Maces & Flails
  9450 | D:10     | Found a runed translucent gate.
  9450 | D:10     | Found a runed translucent gate.
  9451 | D:10     | Found a runed translucent gate.
  9451 | D:10     | Noticed squishfish's ghost (journeyman GrFi)
  9452 | D:10     | Noticed a 12-headed hydra
  9721 | D:10     | Found Horo's Weapon Boutique.
  9758 | D:10     | Reached XP level 11. HP: 35/60 MP: 11/11
  9907 | D:10     | Found a bloodstained altar of Trog.
 10011 | D:10     | Found a shimmering altar of Xom.
 10416 | D:11     | Found a burning altar of Makhleb.
 10450 | D:11     | Noticed Grum
 10472 | D:11     | Killed Grum
 10528 | D:11     | Received a gift from Okawaru
 10681 | D:11     | Noticed a six-headed hydra
 10688 | D:11     | Noticed Harold
 10696 | D:11     | Killed a six-headed hydra
 10696 | D:11     | Reached skill level 16 in Maces & Flails
 10728 | D:11     | Killed Harold
 10855 | D:11     | Found a staircase to the Lair.
 10927 | D:11     | Noticed a purple ugly thing
 10931 | D:11     | Killed a purple ugly thing
 11382 | D:11     | Noticed a cyclops
 11391 | D:11     | Killed a cyclops
 11587 | D:11     | Found a runed translucent door.
 11862 | D:11     | Reached skill level 17 in Maces & Flails
 11877 | D:11     | Noticed an orc knight
 11944 | D:11     | Killed an orc knight
 12161 | D:11     | Found a roughly hewn altar of Beogh.
 12580 | D:12     | Found a staircase to the Orcish Mines.
 12611 | D:12     | Reached XP level 12. HP: 55/64 MP: 12/12
 12800 | D:12     | Noticed an eight-headed hydra
 12811 | D:12     | Killed an eight-headed hydra
 12869 | D:12     | Reached skill level 18 in Maces & Flails
 13033 | D:12     | Received a gift from Okawaru
 13375 | D:12     | Got a slimy flail
 13376 | D:12     | Identified the cursed +0 flail of Rodgh {vorpal, +Rage rF+
                  | MR- Int+8} (You found it on level 12 of the Dungeon)
 13683 | Orc:1    | Entered Level 1 of the Orcish Mines
 14024 | Orc:1    | Noticed an orc high priest
 14232 | Orc:1    | Killed an orc high priest
 14637 | Orc:2    | Entered Level 2 of the Orcish Mines
 14698 | Orc:2    | Found a staircase to the Elven Halls.
 14760 | Orc:2    | Noticed an orc high priest
 14781 | Orc:2    | Noticed an orc warlord
 15118 | Orc:1    | Killed an orc warlord
 15118 | Orc:1    | Reached skill level 19 in Maces & Flails
 15283 | Orc:2    | Killed an orc high priest
 16042 | Orc:2    | Found a roughly hewn altar of Beogh.
 16042 | Orc:2    | Found Goek's Book Emporium.
 16837 | Orc:2    | Received a gift from Okawaru
 16845 | Orc:2    | Reached XP level 13. HP: 43/70 MP: 13/13
 17473 | Orc:2    | Noticed an orc warlord
 17505 | Orc:2    | Killed an orc warlord
 17505 | Orc:2    | Reached skill level 5 in Fighting
 17505 | Orc:2    | Reached skill level 5 in Shields
 17511 | Orc:2    | Found Butocot's Antique Armour Emporium.
 17512 | Orc:2    | Found a roughly hewn altar of Beogh.
 17515 | Orc:2    | Found Icag's Antique Weapon Shoppe.
 17542 | Orc:2    | Bought a runed helmet for 240 gold pieces
 17542 | Orc:2    | Bought a fading ring mail for 288 gold pieces
 17552 | Orc:2    | Identified the +5 ring mail of the Good {-Cast rPois Str+3}
                  | (You bought it in a shop on level 2 of the Orcish Mines)
 17768 | Orc:2    | Found a roughly hewn altar of Beogh.
 17846 | Orc:2    | Found a roughly hewn altar of Beogh.
 17870 | Orc:2    | Found Qiruz's Gadget Emporium.
 18810 | Orc:1    | Found Loifubb's Magic Scroll Shoppe.
 18813 | Orc:1    | Bought a scroll of fog for 30 gold pieces
 18844 | Orc:1    | Bought a scroll of identify for 30 gold pieces
 18917 | Lair:1   | Entered Level 1 of the Lair of Beasts
 18985 | Lair:1   | Noticed Purph's ghost (journeyman MiBe)
 19031 | Lair:1   | Found a transporter.
 19035 | Lair:1   | Found a transporter.
 19044 | Lair:1   | HP: 1/74 [Purph's ghost (5)]
 19048 | Lair:1   | Slain by Purph's ghost

Illustrated notes

Levels and vault maps discovered:
D:1:      saegor_arrival_simple_e, layout_rooms, glass_columns_b, st_stairs_6
D:2:      layout_basic, uniq_jessica
D:3:      layout_rooms, nicolae_tso_swordbearing_angel, first_ration,
          nicolae_gozag_seed_capital, uniq_crazy_yiuf_cottage
D:4:      layout_basic, minmay_temple_entry_tees, uniq_edmund, uniq_menkaure
D:5:      wad_river_or_something, layout_rooms, minmay_misc_feat_hallway,
          uniq_pikel, uniq_duvessa, uniq_blork_the_orc
D:6:      layout_layer_cave, vehumet_altar_wand_db
D:7:      layout_loops_ring
D:8:      layout_loops_corners, grunt_temple_overflow_open,
          lemuel_crystal_altar, serial_shops, shop
D:9:      layout_layer_cave, tgw_kikubaaqudgha
D:10:     layout_layer_cave, serial_shops, shop, gammafunk_ghost_hydra_chop,
          basic_altar, hangedman_fish_farm, xom_teletrap_fun, uniq_maurice
D:11:     layout_loops_cross, dpeg_oklobed_lair, basic_altar,
          lightli_church_of_beogh, uniq_grum, uniq_harold
D:12:     layout_cave_pools, david_orc_3, minmay_unpleasant_kobolds
Temple:   regret_index_temple_generic_petals
Lair:1:   layout_loops_ring, gammafunk_ghost_hive
Orc:1:    layout_caves, serial_shops, nicolae_shop_window_shopping
Orc:2:    grunt_orc_community_town_hall, layout_caves,
          grunt_orc_community_big_house_1, grunt_orc_community_big_house_2,
          grunt_orc_community_house_2, grunt_orc_community_house_2,
          grunt_orc_community_house_2, grunt_orc_community_house_3

Skill      XL: |  1  2  3  4  5  6  7  8  9 10 11 12 13 |
---------------+----------------------------------------+-----
Maces & Flails | 3 4 5 6 7 9 11 13 15 17 19 | 19.3
Fighting       | 4 6 |  6.0
Shields        | 4 6 |  6.0
Armour         | |  3.2

Action                   |  1- 3 |  4- 6 |  7- 9 | 10-12 | 13-15 || total
-------------------------+-------+-------+-------+-------+-------++-------
Melee: Flail             |   100 |    92 |       |       |       ||   192
       Dire flail        |       |    22 |     6 |       |       ||    28
       Morningstar       |       |       |   321 |  1173 |   250 ||  1744
Invok: Finesse           |       |       |       |     3 |     1 ||     4
       Heroism           |       |       |       |     1 |       ||     1
 Abil: Stop Flying       |       |       |     1 |       |       ||     1
Evoke: Wand              |       |       |       |     2 |       ||     2
  Use: Potion            |       |     1 |       |     7 |     5 ||    13
       Scroll            |       |       |     9 |    13 |     1 ||    23
  Eat: Chunk             |       |     7 |    11 |    34 |     7 ||    59
Armor: Scale mail        |    50 |    57 |   162 |       |       ||   269
       Plate armour      |       |       |    36 |   808 |   157 ||  1001
       Skin              |       |       |     1 |       |       ||     1
Dodge: Dodged            |    28 |    37 |    97 |   191 |    44 ||   397
Block: Kite shield       |    52 |    39 |   144 |   596 |   139 ||   970
